 Dungeon Crawl Stone Soup version 0.22-a0-159-g7ce444f (webtiles) character file.

21 wolfsongas the Cudgeler (level 2, 0/22 HPs)
             Began as a Demonspawn Gladiator on Feb 9, 2018.
             Slain by a jackal (2 damage)
             ... on level 1 of the Dungeon.
             The game lasted 00:01:15 (350 turns).

wolfsongas the Cudgeler (Demonspawn Gladiator)       Turns: 350, Time: 00:01:16

Health: 0/22       AC:  4    Str: 14    XL:     2   Next: 62%
Magic:  0/2        EV: 12    Int:  9    God:
Gold:   6          SH:  4    Dex: 14    Spells: 1/1 levels left

rFire    . . .     SeeInvis .   a - +0 flail
rCold    . . .     Gourm    .   (no shield)
rNeg     . . .     Faith    .   b - +0 leather armour
rPois    .         Spirit   +   c - +0 helmet
rElec    .         Reflect  .   (no cloak)
rCorr    .         Harm     .   (no gloves)
MR       .....                  (no boots)
Stlth    +.........             e - amulet of guardian spirit
HPRegen  0.07/turn              (no ring)
MPRegen  0.08/turn              (no ring)

@: flying
A: large bone plates 1
a: no special abilities


You were on level 1 of the Dungeon.
You were not hungry.

You visited 1 branch of the dungeon, and saw 1 of its levels.

You collected 6 gold pieces.

Inventory:

Hand Weapons
 a - a +0 flail (weapon)
Missiles
 d - 3 throwing nets (quivered)
Armour
 b - a +0 leather armour (worn)
 c - a +0 helmet (worn)
Jewellery
 e - an amulet of guardian spirit (around neck)
Scrolls
 i - a scroll of identify
Comestibles
 f - a ration
 g - 3 chunks of flesh


   Skills:
 - Level 2.0 Fighting
 * Level 3.6 Maces & Flails
 - Level 1.7 Throwing
 - Level 2.6 Dodging


You had one spell level left.
You didn't know any spells.

Dungeon Overview and Level Annotations

Branches:
Dungeon (1/15)

Altars:


Innate Abilities, Weirdness & Mutations

You are partially covered in large bone plates. (SH +4)


Message History

The jackal bites you but does no damage.
The jackal barely misses you.
The jackal bites you but does no damage.
It was a potion of flight.
You feel very buoyant.
You fly up into the air.
The bat barely misses you. The jackal barely misses you.
The jackal closely misses you.
You sock the jackal!
You kill the jackal!
The bat barely misses you. The jackal bites you.
* * * LOW HITPOINT WARNING * * *
The jackal barely misses you.
You barely miss the jackal. The bat closely misses you.
The jackal barely misses you.
You hit the jackal.
The jackal is moderately wounded.
The bat barely misses you.
The jackal bites you but does no damage.
The jackal bites you.
You die...

#.........# ....
#.........# ....
#.........#
.....#......##.#########
.....#..................
...............####....#
.............†.##.......
.......h.......'........
#.....†@b....†)#####...#
......)......)...##....#
.................##..)>#
.................##....#
...............####....#
...............# #(...#
...............# #....#
...............# #....#
############# #....#


You could see a jackal and a bat.

Vanquished Creatures
  A dart slug (D:1)
  A leopard gecko (D:1)
  A giant cockroach (D:1)
  4 goblins (D:1)
  3 hobgoblins (D:1)
  2 jackals (D:1)
  A bat (D:1)
  A frilled lizard (D:1)
  A kobold (D:1)
  A rat (D:1)
16 creatures vanquished.

Notes
Turn   | Place    | Note
-------+----------+-------------------------------------------
     0 | D:1      | wolfsongas the Demonspawn Gladiator began the quest for the Orb.
     0 | D:1      | Reached XP level 1. HP: 16/16 MP: 1/1
    51 | D:1      | Reached skill level 3 in Maces & Flails
   114 | D:1      | Gained mutation: You are partially covered in large bone plates. (SH +4) [demonic ancestry]
   114 | D:1      | Reached XP level 2. HP: 12/22 MP: 2/2
   350 | D:1      | Slain by a jackal

Vault maps used:
D:1:      minmay_arrival_arboretum_large

Skill      XL: |  1 |
---------------+----+-----
Maces & Flails | 3 |  3.6
Fighting       | |  2.0
Throwing       | |  1.7
Dodging        | |  2.6

Action                   || total
-------------------------++-------
Melee: Flail             ||    57
  Use: Scroll            ||     2
       Potion            ||     1
Armor: Leather armour    ||    33
Dodge: Dodged            ||    65
Block: Other             ||    13

Table legend:
 A = Spawn XP
 B = Non-spawn XP
 C = Spawn XP percentage of total XP
 D = Spawn monster count
 E = Non-spawn monster count
 F = Spawn count percentage of total count
 G = Total turns spent on level
                    A         B        C        D         E        F      G
               +---------+---------+-------+---------+---------+-------+---------
         Total |       0 |      30 |   0.0 |       0 |      16 |   0.0 |   350
               +---------+---------+-------+---------+---------+-------+---------
           D:1 |       0 |      30 |   0.0 |       0 |      16 |   0.0 |   350
               +---------+---------+-------+---------+---------+-------+---------
